 Dungeon Crawl Stone Soup version 0.18-a0-1797-gc18daef (webtiles) character file.

236606 4thArraOfDagon the Executioner (level 18, 35/173 HPs)
             Began as a Hill Orc Berserker on Apr 22, 2016.
             Was a Follower of Makhleb.
             Quit the game on level 2 of the Elven Halls.
             The game lasted 01:34:07 (13572 turns).

4thArraOfDagon the Executioner (HOBe)              Turns: 13572, Time: 01:34:07

Health: 35/173     AC: 35    Str: 22    XL:     18   Next: 65%
Magic:  26/26      EV:  8    Int: 15    God:    Makhleb [*.....]
Gold:   126        SH:  0    Dex: 12    Spells: 0 memorised, 17 levels left

rFire  . . .     SeeInvis +     D - +5 executioner's axe (elec)
rCold  . . .     Gourm    .     G - +3 plate armour {rPois}
rNeg   + + .     Faith    .     (shield currently unavailable)
rPois  +         Spirit   .     R - -1 helmet "Xueneal" {Dex+2}
rElec  .         Dismiss  .     b - +0 cloak "Daeshoan" {Int+6}
rCorr  .         Reflect  .     p - +0 pair of gloves of Grace {rPois rN+ Str-4 Int+2} (curse)
SustAt .         Harm     .     x - +2 pair of boots {Fly}
MR     ++...     Clarity  +     r - amulet of regeneration
Stlth  ..........               K - ring of protection from magic
                                S - ring of Shadows {Umbra +Inv rN+ SInv}

@: wreathed by umbra, very resistant to hostile enchantments, extremely
unstealthy
A: iridescent scales 1, rugged brown scales 1, berserk 1, clarity, weak 1
a: Renounce Religion, Evoke Invisibility, Evoke Flight
}: 3/15 runes: decaying, serpentine, slimy


You were on level 2 of the Elven Halls.
You worshipped Makhleb.
Makhleb was aware of your devotion.
You were not hungry.

You visited 7 branches of the dungeon, and saw 40 of its levels.
You also visited: Labyrinth.

You collected 1955 gold pieces.
You spent 1829 gold pieces at shops.

Inventory:

Hand Weapons
 m - the +8 Wrath of Trog {antimagic, *Rage}
   (You found it on level 4 of the Dungeon)

   It disrupts the flow of magical energy around spellcasters and certain
   magical creatures (including the wielder).
   It may make you go berserk in combat.
 D - a +5 executioner's axe of electrocution (weapon)
Armour
 b - the +0 cloak "Daeshoan" (worn) {Int+6}
   (You acquired it on level 8 of the Lair of Beasts)

   It affects your intelligence (+6).
 p - the cursed +0 pair of gloves of Grace (worn) {rPois rN+ Str-4 Int+2}
   (You bought it in a shop on level 2 of the Elven Halls)

   It affects your strength (-4).
   It affects your intelligence (+2).
   It protects you from poison.
   It protects you from negative energy.
   It has a curse placed upon it.
 x - a +2 pair of boots of flying (worn)
 G - a +3 plate armour of poison resistance (worn)
 R - the -1 helmet "Xueneal" (worn) {Dex+2}
   (You bought it in a shop on level 2 of the Elven Halls)

   It affects your dexterity (+2).
Rods
 z - a +6 rod of ignition (11/11)
   (You found it on level 6 of the Pits of Slime)
 M - a +1 iron rod (14/14)
   (You found it in a labyrinth)
Jewellery
 h - an uncursed ring of protection from cold
 k - a +4 amulet of reflection
 r - an amulet of regeneration (around neck)
 K - a ring of protection from magic (right hand)
 O - a +5 ring of protection
 S - the ring of Shadows (left hand) {Umbra +Inv rN+ SInv}
   (You bought it in a shop on level 2 of the Orcish Mines)

   [ring of positive energy]

   It protects you from negative energy.
   It lets you see invisible.
   It lets you turn invisible.
 U - an uncursed ring of protection from fire
Wands
 f - a wand of digging (14/24)
 l - a wand of hasting (2/9)
 y - a wand of disintegration (13/24)
 E - a wand of acid (5/15)
 V - a wand of acid (3/15)
Scrolls
 i - 11 scrolls of remove curse
 j - 6 scrolls of recharging
 s - 2 scrolls of magic mapping
 J - 2 scrolls of fog
 N - 2 scrolls of summoning
 T - a scroll of silence
 X - 2 scrolls of holy word
 Y - 2 scrolls of identify
Potions
 d - a potion of cure mutation
 e - 2 potions of curing
 o - a potion of cancellation
 q - 3 potions of brilliance
 v - 5 potions of magic
 B - a potion of flight
 L - a potion of agility
 W - 3 potions of heal wounds
 Z - a potion of haste
Books
 t - the Tome of the Assorted Wonders
   (You found it on level 6 of the Pits of Slime)

   Spells                             Type                      Level
   a - Beastly Appendage              Transmutation                1
   b - Portal Projectile              Translocation                3
   c - Petrify                        Transmutation/Earth          4
 A - a book of Burglary

   Spells                             Type                      Level
   a - Swiftness                      Charms/Air                   2
   b - Passwall                       Transmutation/Earth          2
   c - Passage of Golubria            Translocation                4
   d - Lee's Rapid Deconstruction     Earth                        5
   e - Darkness                       Hexes                        6
   f - Invisibility                   Hexes                        6
 I - a book of Air

   Spells                             Type                      Level
   a - Shock                          Conjuration/Air              1
   b - Swiftness                      Charms/Air                   2
   c - Repel Missiles                 Charms/Air                   2
   d - Static Discharge               Conjuration/Air              3
   e - Lightning Bolt                 Conjuration/Air              5
Miscellaneous
 a - a phial of floods
 g - an ornate deck of summoning {drawn: 9}
 C - a sack of spiders
 F - a fan of gales
Comestibles
 c - 5 bread rations
 n - 4 meat rations


   Skills:
 - Level 16.4 Fighting
 * Level 24.4 Axes
 - Level 19.4 Armour
 - Level 1.5 Dodging
 - Level 11.0 Evocations


You had 17 spell levels left.
You didn't know any spells.

Dungeon Overview and Level Annotations

Branches:
Dungeon (13/15)            Temple (0/1) D:6            Lair (8/8) D:8
  Swamp (4/4) Lair:4        Snake (4/4) Lair:5        Slime (6/6) Lair:8
    Orc (2/2) D:12            Elf (3/3) Orc:2
 Vaults: D:13-14

Altars:
Dithmenos
Elyvilon
Makhleb
Ru
Yredelemnul
The Shining One
Beogh

Shops:
D:5 }   D:12 }}(   Orc:2 ([=   Elf:2 [   Snake:4 [

Annotations:
Elf:3 Xenophilius's ghost, veteran TrMo


Innate Abilities, Weirdness & Mutations

You are partially covered in iridescent scales (AC +4).
You are partially covered in rugged brown scales (AC +1, +3% HP).
You tend to lose your temper in combat.
You possess an exceptional clarity of mind.
You are weak. (Str -2)


Message History

The floor.
Unknown command.
Unknown command.
The spriggan berserker moves out of view.
Xenophilius's ghost gestures wildly while chanting.
Xenophilius's ghost blinks!
A mysterious force pulls you upwards. The hatch slams shut behind you.
The deep elf knight shouts!
The deep elf mage shouts!
The deep elf knight shouts! 3 dancing weapons and a deep elf mage come into view.
The deep elf knight gestures wildly while chanting.
The deep elf knight flickers and vanishes for a moment.
The trident of freezing hits you but does no damage.
Unknown command.
Enter note: BAD ITEMS:( Drink which item? (? for menu, Esc to quit)
Okay, then.
Read which item? (? for menu, Esc to quit)
Okay, then.
Are you sure you want to abandon this character and quit the game? (Confirm with "yes".)

###.......###
.##.......e...#
...............
...............
....(..........
...............
.....(.........
.......@...(...
.............e.
...............
...............
.e.............
e#.............
##........(..#
##.........##


You could see 2 deep elf knights, 2 deep elf magi and 4 dancing weapons.

Vanquished Creatures
  the Royal Jelly (Slime:6)
  Vashnia (Snake:4)
  Saint Roka (Orc:2)
  5 acid blobs
  Frances (D:12)
  5 greater nagas (Snake:4)
  2 thorn hunters
  Donald (Slime:3)
  A deep elf sorcerer (Elf:2)
  8 azure jellies
  Maud (D:12)
  Aizul (Snake:3)
  Nessos (D:12)
  A deep elf demonologist (Elf:2)
  A fire dragon (Lair:8)
  6 death oozes
  A minotaur (Lab)
  5 great orbs of eyes
  4 hydras
  Erolcha (D:9)
  7 naga warriors
  2 ice dragons (Swamp:4)
  Erica (D:11)
  A ghost crab (Swamp:2)
  6 dancing weapons
  19 anacondas
  20 naga sharpshooters
  3 alligators
  6 death yaks
  Urug (Orc:1)
  3 orc high priests (Orc:2)
  The ghost of Mefis the Magician, a novice HuWz of Sif Muna (Orc:2)
  A shock serpent (shapeshifter) (Elf:2)
  Sonja (D:12)
  2 shock serpents (Snake:4)
  2 deep elf knights
  A fire crab (Lair:8)
  3 salamander mystics
  An unseen horror (D:12)
  A giant orange brain (Slime:6)
  4 lindwurms (Snake:4)
  5 naga ritualists (Snake:4)
  4 deep elf archers (Elf:2)
  4 hill giants
  6 mana vipers (Snake:4)
  5 orc knights
  4 orc sorcerers
  4 shining eyes
  13 deep elf magi
  6 ugly things
  A manticore (D:12)
  7 salamanders
  4 cyclopes
  21 black mambas
  7 elephants
  An eye of devastation (Slime:6)
  8 guardian serpents
  19 naga magi
  14 spiny frogs
  A spiny frog (shapeshifter) (Elf:2)
  2 rime drakes (Lair:8)
  4 freezing wraiths (Swamp:4)
  5 komodo dragons
  Prince Ribbit (D:9)
  3 trolls
  79 slime creatures
  4 giant leeches
  2 two-headed ogres
  10 blink frogs
  A boulder beetle (Lair:6)
  2 shadows
  5 wyverns
  An air elemental (Elf:3)
  3 basilisks
  32 yaks
  11 golden eyes
  8 hippogriffs
  12 vampire mosquitoes
  3 mottled dragons
  3 swamp worm simulacra (Swamp:4)
  9 swamp worms
  6 insubstantial wisps
  3 wargs
  32 nagas
  19 water moccasins
  15 hydra simulacra (Swamp:4)
  3 swamp drakes
  18 orc warriors
  7 porcupines
  2 eyes of draining (Slime:1)
  3 sky beasts
  3 wasps
  A black bear (D:12)
  A necrophage (D:12)
  An ice beast (D:8)
  A phantom (D:8)
  8 wolves (Lair:4)
  3 centaurs
  2 ogres
  17 crocodiles
  A big kobold (D:12)
  12 giant frogs
  A gnoll sergeant (D:9)
  4 scorpions
  A wight (D:12)
  2 howler monkeys (D:12)
  3 crimson imps
  2 giant frog zombies
  A centaur zombie (D:11)
  7 hounds
  20 jellies
  A giant frog skeleton (D:5)
  15 orc priests
  2 centaur skeletons
  Natasha (D:4)
  7 iguanas
  24 orc wizards
  7 worker ants
  10 sheep
  4 gnolls (D:9)
  6 adders
  43 river rats
  A shadow imp (D:9)
  5 oozes
  5 swamp drake simulacra (Swamp:4)
  4 worms
  2 dart slugs
  A giant gecko (D:2)
  59 orcs
  2 giant cockroaches
  2 goblins
  5 hobgoblins
  13 jackals
  6 quokkas
  A ball python (D:3)
  6 bats
  3 giant newts
  5 kobolds
  6 rats
  2 fungi (Lair:1)
  A plant (Lair:1)
916 creatures vanquished.

Vanquished Creatures (collateral kills)
  3 acid blobs (Slime:6)
  2 azure jellies (Slime:6)
  A death ooze (Slime:6)
  A great orb of eyes (Slime:6)
  A naga warrior (Snake:4)
  A salamander mystic (Snake:4)
  A giant orange brain (Slime:6)
  A guardian serpent (Snake:4)
  A centaur skeleton (D:12)
  A slime creature (Slime:6)
  2 golden eyes (Slime:6)
  3 orc warriors (Orc:2)
  A jelly (Slime:6)
  2 orc priests (Orc:2)
  An orc wizard (Orc:2)
  2 orcs (Orc:2)
24 creatures vanquished.

Vanquished Creatures (others)
  A swamp worm (Swamp:4)
  A naga (Snake:1)
  A kobold (D:12)
  7 fungi
  14 plants (Lair:8)
24 creatures vanquished.

Grand Total: 964 creatures vanquished

Notes
Turn   | Place    | Note
--------------------------------------------------------------
     0 | D:1      | 4thArraOfDagon the Hill Orc Berserker began the quest for the Orb.
     0 | D:1      | Reached XP level 1. HP: 19/19 MP: 1/1
    75 | D:1      | Reached XP level 2. HP: 18/27 MP: 2/2
   278 | D:2      | Reached XP level 3. HP: 30/33 MP: 3/3
   351 | D:2      | Reached ** piety under Trog
   351 | D:2      | Reached skill level 5 in Axes
   412 | D:2      | Reached XP level 4. HP: 40/40 MP: 4/4
   568 | D:3      | Found a basalt altar of Yredelemnul.
   616 | D:4      | Noticed Natasha
   619 | D:4      | Killed Natasha
   662 | D:5      | Entered Level 5 of the Dungeon
   666 | D:5      | Reached skill level 6 in Axes
   666 | D:5      | Reached XP level 5. HP: 47/47 MP: 1/5
   765 | D:3      | Found a white marble altar of Elyvilon.
   819 | D:5      | Found a burning altar of Makhleb.
   836 | D:5      | Noticed a centaur
   840 | D:5      | Killed a centaur
   840 | D:5      | Reached skill level 7 in Axes
   840 | D:5      | Reached XP level 6. HP: 48/53 MP: 2/6
   886 | D:5      | Found Matromp's Gadget Shop.
   924 | D:5      | Noticed a water moccasin
   934 | D:5      | Killed a water moccasin
  1006 | D:6      | Found a staircase to the Ecumenical Temple.
  1009 | D:6      | Reached *** piety under Trog
  1044 | D:7      | Noticed a water moccasin
  1049 | D:7      | Reached skill level 8 in Axes
  1056 | D:7      | Killed a water moccasin
  1056 | D:7      | Reached XP level 7. HP: 50/60 MP: 2/7
  1058 | D:7      | Found a sacrificial altar of Ru.
  1071 | D:7      | Found a glowing golden altar of the Shining One.
  1078 | D:7      | Reached skill level 5 in Armour
  1089 | D:7      | Reached skill level 9 in Axes
  1198 | D:7      | Found a shadowy altar of Dithmenos.
  1270 | D:8      | Noticed a hippogriff
  1276 | D:8      | Killed a hippogriff
  1276 | D:8      | Reached XP level 8. HP: 67/67 MP: 2/8
  1327 | D:8      | Reached skill level 10 in Axes
  1329 | D:8      | Noticed a yak
  1357 | D:8      | Killed a yak
  1396 | D:8      | Noticed a yak
  1397 | D:8      | Noticed a death yak
  1399 | D:8      | Noticed a yak
  1400 | D:8      | Found a staircase to the Lair.
  1405 | D:8      | Killed a yak
  1406 | D:8      | Reached skill level 11 in Axes
  1408 | D:8      | Killed a yak
  1411 | D:8      | Killed a death yak
  1411 | D:8      | Reached skill level 12 in Axes
  1411 | D:8      | Reached XP level 9. HP: 64/72 MP: 3/9
  1427 | D:8      | Gained mutation: You are partially covered in iridescent scales (AC +4). [mutagenic meat]
  1428 | D:8      | Gained mutation: You are partially covered in rugged brown scales (AC +1, +3% HP). [mutagenic meat]
  1429 | D:8      | Gained mutation: You possess an exceptional clarity of mind. [mutagenic meat]
  1445 | D:8      | Noticed a two-headed ogre
  1450 | D:8      | Killed a two-headed ogre
  1450 | D:8      | Reached skill level 13 in Axes
  1639 | D:9      | Reached **** piety under Trog
  1669 | D:9      | Reached skill level 14 in Axes
  1703 | D:9      | Reached XP level 10. HP: 80/82 MP: 3/10
  1710 | D:9      | Noticed Erolcha
  1731 | D:9      | Killed Erolcha
  1758 | D:10     | Entered Level 10 of the Dungeon
  1783 | D:10     | Noticed a hill giant
  1789 | D:10     | Killed a hill giant
  1789 | D:10     | Reached skill level 15 in Axes
  1862 | D:11     | Noticed Erica
  1867 | D:11     | Killed Erica
  1867 | D:11     | Reached skill level 10 in Armour
  1874 | D:11     | Noticed a cyclops
  1877 | D:11     | Killed a cyclops
  1940 | D:12     | Noticed Sonja
  1981 | D:11     | Reached skill level 16 in Axes
  2033 | D:12     | Noticed a manticore
  2042 | D:12     | Reached XP level 11. HP: 87/87 MP: 3/11
  2047 | D:12     | Killed a manticore
  2086 | D:12     | Noticed Nessos
  2153 | D:12     | Noticed Maud
  2153 | D:12     | Found Jeagg's Gadget Emporium.
  2153 | D:12     | Found Musm's Gadget Shop.
  2158 | D:12     | Killed Maud
  2158 | D:12     | Reached skill level 17 in Axes
  2161 | D:12     | Reached ***** piety under Trog
  2194 | D:12     | Killed Nessos
  2254 | D:12     | Killed an unseen horror
  2291 | D:12     | Noticed a cyclops
  2304 | D:12     | Killed a cyclops
  2307 | D:12     | Noticed a hill giant
  2315 | D:12     | Killed a hill giant
  2315 | D:12     | Reached skill level 18 in Axes
  2351 | D:12     | Found Gael's Antique Weapon Shoppe.
  2379 | D:12     | Noticed Frances
  2388 | D:12     | Noticed a soul eater
  2397 | D:12     | Killed Frances
  2505 | D:12     | Reached XP level 12. HP: 87/94 MP: 4/12
  2815 | D:10     | Reached skill level 19 in Axes
  3016 | D:9      | Noticed Prince Ribbit
  3022 | D:9      | Killed Prince Ribbit
  3268 | D:12     | Killed Sonja
  3317 | D:12     | Found a staircase to the Orcish Mines.
  3358 | Orc:1    | Entered Level 1 of the Orcish Mines
  3360 | Orc:1    | Found a roughly hewn altar of Beogh.
  3369 | Orc:1    | Paralysed by an orc sorcerer for 6 turns
  3394 | Orc:1    | Noticed Urug
  3414 | Orc:1    | Killed Urug
  3488 | Orc:1    | Reached skill level 20 in Axes
  3550 | Orc:2    | Entered Level 2 of the Orcish Mines
  3550 | Orc:2    | Noticed Mefis's ghost (novice HuWz)
  3562 | Orc:2    | Killed Mefis's ghost
  3579 | Orc:2    | Reached skill level 1 in Evocations
  3620 | Orc:2    | Reached skill level 5 in Fighting
  3808 | Orc:2    | Noticed Saint Roka
  3886 | Orc:2    | Killed Saint Roka
  3886 | Orc:2    | Reached XP level 13. HP: 98/107 MP: 4/16
  3964 | Orc:2    | Found a staircase to the Elven Halls.
  3987 | Orc:2    | Found a labyrinth entrance.
  4004 | Lab      | Entered a labyrinth
  4590 | Lab      | Noticed a minotaur
  4595 | Lab      | Killed a minotaur
  4600 | Lab      | Identified the Compendium of Good Luck and Changing
  4783 | Orc:2    | Reached skill level 5 in Evocations
  4822 | Orc:2    | Found Foebad's Weapon Boutique.
  4822 | Orc:2    | Found Zefiep's Magic Scroll Emporium.
  4824 | Orc:2    | Found Iclamat's Antique Armour Boutique.
  4824 | Orc:2    | Found Qiug's Jewellery Emporium.
  4833 | Orc:2    | Bought the ring of Shadows {Umbra +Inv rN+ SInv} for 611 gold pieces
  4837 | Orc:2    | Bought a scroll of summoning for 123 gold pieces
  4837 | Orc:2    | Bought a scroll of identify for 26 gold pieces
  4837 | Orc:2    | Bought a scroll of immolation for 45 gold pieces
  4837 | Orc:2    | Bought a scroll of identify for 26 gold pieces
  4837 | Orc:2    | Bought a scroll of identify for 26 gold pieces
  4837 | Orc:2    | Bought a scroll of identify for 26 gold pieces
  4914 | Orc:1    | Received a gift from Trog
  5178 | Lair:1   | Entered Level 1 of the Lair of Beasts
  5774 | Lair:5   | Found a staircase to the Snake Pit.
  5805 | Lair:6   | Reached XP level 14. HP: 122/122 MP: 6/19
  5806 | Lair:6   | jacquesderrida: eeeeee T R O G eeeeee
  5980 | Lair:7   | Received a gift from Trog
  6004 | Lair:7   | Reached skill level 10 in Fighting
  6029 | Lair:8   | Entered Level 8 of the Lair of Beasts
  6084 | Lair:8   | Received a gift from Trog
  6098 | Lair:8   | Found a staircase to the Slime Pits.
  6293 | Lair:8   | Reached skill level 15 in Armour
  6533 | Lair:8   | Identified a scroll of acquirement
  6534 | Lair:8   | Got a jewelled cloak
  6545 | Lair:8   | Identified the +0 cloak "Daeshoan" {Int+6} (You acquired it on level 8 of the Lair of Beasts)
  6776 | Snake:1  | Entered Level 1 of the Snake Pit
  7210 | Snake:2  | Reached XP level 15. HP: 125/136 MP: 7/21
  7279 | Snake:4  | Entered Level 4 of the Snake Pit
  7280 | Snake:4  | Noticed Vashnia
  7393 | Snake:4  | Received a gift from Trog
  7508 | Snake:4  | Killed Vashnia
  7508 | Snake:4  | Reached skill level 10 in Evocations
  7753 | Snake:4  | srsly
  7753 | Snake:4  | WTF
  7753 | Snake:4  | WHY SO BAD LAYOUT
  7753 | Snake:4  | COMPLETELY SEPERATED
  7753 | Snake:4  | FUCK THIS GAME
  7770 | Snake:4  | wasted 1k+turns
  7782 | Snake:3  | now, to find another staircase...+1k
  7888 | Snake:3  | Noticed Aizul
  7933 | Snake:3  | Killed Aizul
  7991 | Snake:4  | Received a gift from Trog
  8047 | Snake:4  | Found Ivi Gimp's Antique Armour Boutique.
  8064 | Snake:4  | Bought a heavily runed scale mail for 288 gold pieces
  8086 | Snake:4  | Identified the +3 scale mail of the Manifold Mice {rN+ Int+6 Slay-4} (You bought it in a shop on level 4 of the Snake Pit)
  8286 | Snake:4  | Noticed a greater naga
  8301 | Snake:4  | Killed a greater naga
  8301 | Snake:4  | Reached XP level 16. HP: 114/150 MP: 8/24
  8333 | Snake:4  | Noticed a greater naga
  8352 | Snake:4  | Killed a greater naga
  8438 | Snake:4  | Noticed a greater naga
  8439 | Snake:4  | Noticed a greater naga
  8448 | Snake:4  | Killed a greater naga
  8452 | Snake:4  | Killed a greater naga
  8502 | Snake:4  | Noticed a greater naga
  8541 | Snake:4  | Killed a greater naga
  8596 | Snake:4  | Reached skill level 15 in Fighting
  8775 | Snake:4  | timbw: wrath of trog
  8815 | Snake:4  | timbw: the axe still wants a buff
  8829 | Snake:4  | timbw: its to average for the epic name
  9203 | Snake:4  | Got a serpentine rune of Zot
  9994 | Lair:6   | 4thArraOfDagon: turncount melts in depressing manner
 10050 | Lair:5   | Charly: hi
 10084 | Lair:5   | Charly: was ju about to start HOBe run
 10131 | Lair:6   | Reached XP level 17. HP: 158/162 MP: 8/25
 10137 | Lair:6   | Reached skill level 21 in Axes
 10210 | Lair:6   | timbw: oh
 10210 | Lair:6   | 4thArraOfDagon: go for it
 10210 | Lair:6   | timbw: no slime?
 10377 | Lair:5   | 4thArraOfDagon: and remember to start in 0.17, trunk is dead ^_^
 10400 | Lair:5   | Charly: aye
 10409 | Lair:5   | Charly: tried it once
 10419 | Lair:5   | timbw: whats wrong in trunk
 10420 | Lair:5   | Charly: rmut gone, ziggy gone
 10420 | Lair:5   | 4thArraOfDagon: no spam tele, no clar,stais,rmut
 10428 | Lair:5   | timbw: oh just that
 10428 | Lair:5   | 4thArraOfDagon: new enemies
 10429 | Lair:5   | timbw: yeah I know
 10462 | Lair:5   | Charly: I thought about 0.16 actually
 10472 | Lair:5   | Charly: with ctele
 10472 | Lair:5   | Charly: same with DD, if I ever try another top1
 10472 | Lair:5   | 4thArraOfDagon: if you are desperate to grind abusable versions, yeah that would be yuour best shot
 10556 | Lair:4   | Charly: why abusable, ctele was removed just recently ;p
 10569 | Lair:4   | Found a staircase to the Swamp.
 10575 | Swamp:1  | Entered Level 1 of the Swamp
 10577 | Swamp:1  | Received a gift from Trog
 10634 | Swamp:1  | 4thArraOfDagon: i know but that single item could break your entire game
 10634 | Swamp:1  | 4thArraOfDagon: like from 30k to 20k
 10634 | Swamp:1  | 4thArraOfDagon: with one single item
 10638 | Swamp:1  | Charly: absolutely
 10665 | Swamp:1  | Charly: but going below 19k requires ctele
 10666 | Swamp:1  | Charly: Sapher used it on his 19k run
 10666 | Swamp:1  | 4thArraOfDagon: neverthless, if they would want to remove it, they ought to do it many versrions ago
 10749 | Swamp:2  | Charly: done vaults?
 10764 | Swamp:2  | 4thArraOfDagon: no, im after snake
 10764 | Swamp:2  | 4thArraOfDagon: i spend eternity there!
 10764 | Swamp:2  | 4thArraOfDagon: due to very unlucky layouts
 10826 | Swamp:2  | Charly: oh, then I think Ill give it a go
 10832 | Swamp:2  | Charly: gl here
 10880 | Swamp:3  | 4thArraOfDagon: gl!
 10939 | Swamp:4  | Entered Level 4 of the Swamp
 11301 | Swamp:4  | Got a decaying rune of Zot
 11687 | Slime:1  | Entered Level 1 of the Pits of Slime
 11760 | Slime:2  | Reached skill level 22 in Axes
 11792 | Slime:3  | Noticed Donald
 11802 | Slime:3  | Killed Donald
 11980 | Slime:4  | Received a gift from Trog
 12093 | Slime:6  | Entered Level 6 of the Pits of Slime
 12110 | Slime:6  | Noticed an acid blob
 12121 | Slime:5  | Killed an acid blob
 12195 | Slime:6  | Reached XP level 18. HP: 168/173 MP: 26/26
 12203 | Slime:6  | Noticed the Royal Jelly
 12217 | Slime:6  | Killed the Royal Jelly
 12217 | Slime:6  | Reached skill level 23 in Axes
 12240 | Slime:6  | Gained mutation: You are weak. (Str -2) [a shining eye]
 12242 | Slime:6  | Gained mutation: You tend to lose your temper in combat. [a shining eye]
 12401 | Slime:6  | Identified the Tome of the Assorted Wonders
 12416 | Slime:6  | Identified a +6 rod of ignition (11/11) (You found it on level 6 of the Pits of Slime)
 12473 | Slime:6  | Got a slimy rune of Zot
 12894 | D:5      | Fell from the grace of Trog
 12894 | D:5      | Became a worshipper of Makhleb the Destroyer
 13142 | Elf:1    | Entered Level 1 of the Elven Halls
 13233 | Elf:1    | You fall through a shaft!
 13243 | Elf:2    | Found a runed gate.
 13243 | Elf:2    | Found a runed gate.
 13244 | Elf:2    | Found a runed gate.
 13281 | Elf:2    | Reached skill level 24 in Axes
 13308 | Elf:2    | Found Tiruwkoj's Antique Armour Shop.
 13349 | Elf:2    | Reached * piety under Makhleb
 13353 | Elf:2    | Bought a pair of dazzling gloves for 266 gold pieces
 13353 | Elf:2    | Bought a steaming helmet for 266 gold pieces
 13356 | Elf:2    | Bought a pair of glowing boots for 126 gold pieces
 13361 | Elf:2    | Identified the -1 helmet "Xueneal" {Dex+2} (You bought it in a shop on level 2 of the Elven Halls)
 13366 | Elf:2    | Identified the cursed +0 pair of gloves of Grace {rPois rN+ Str-4 Int+2} (You bought it in a shop on level 2 of the Elven Halls)
 13521 | Elf:3    | Entered Level 3 of the Elven Halls
 13569 | Elf:3    | Noticed Xenophilius's ghost (veteran TrMo)
 13572 | Elf:2    | BAD ITEMS:(
 13572 | Elf:2    | Quit the game

Vault maps used:
D:1:      elethiomel_arrival_quiet, serial_forest,
          infiniplex_forest_clump_diagonal, infiniplex_forest_lined_room_2,
          infiniplex_forest_fountain, infiniplex_forest_end_3,
          infiniplex_forest_lined_room_3, infiniplex_forest_lined_2,
          infiniplex_forest_clump_large, xom_teletrap_fun
D:3:      ashenzari_conservatory_becter, yredelemnul_altar_generic,
          lemuel_round_altar, marbit_many_paths, minmay_liquid_box,
          uniq_crazy_yiuf_cottage
D:4:      grunt_temple_overflow_cloverleaf, minivault_11,
          kennysheep_pointless_box, uniq_natasha, uniq_robin
D:5:      lemuel_doored_altar, first_bread, serial_shops, shop, uniq_eustachio
D:6:      temple_green, basic_altar, fedhas_altar_1
D:7:      kennysheep_mini, nicolae_ru_sacrificial_ziggurat, tgw_sif,
          nicolae_dithmenos_the_darkroom
D:8:      dpeg_lair_monsters
D:9:      uniq_erolcha, uniq_prince_ribbit1
D:11:     uniq_erica
D:12:     david_orc_3, serial_shops, nicolae_shop_crystal,
          nicolae_shop_competitors_out_of_business, shop, shop_fountains,
          uniq_frances, uniq_maud, uniq_nessos, uniq_sonja
D:13:     evilmike_library_of_no_secrets, serial_shops, shop,
          kennysheep_mini_moat
Lair:1:   cheibrodos_lair_reptile_den
Lair:2:   lemuel_fruit_fields, lemuel_fruit_fields, serial_bayou_shore_b
Lair:3:   grunt_megastairs_5, lemuel_fruit_fields
Lair:4:   minmay_swamp_entry_worms
Lair:5:   dummy_snake_entry
Lair:6:   st_stairs_10
Lair:7:   beast_lair_carwin_1
Lair:8:   wormcave, guppyfry_lair_end_dragon, nicolae_slime_entry_slimehenge,
          nicolae_lair_grove_arrangements
Swamp:1:  infiniplex_staircase_pool, swamp_pool2, nicolae_swamp_round_clearing
Swamp:2:  evilmike_swamp_ruin_rubble_1
Swamp:3:  cheibrodos_swamp_mausoleum, serial_swamp_ruin,
          evilmike_swamp_ruin_house_6, evilmike_swamp_ruin_rubble_2,
          evilmike_swamp_ruin_house_2, nicolae_swamp_dense_foliage
Swamp:4:  swamp_icy
Snake:1:  uniq_azrael
Snake:2:  grunt_megastairs_2
Snake:3:  uniq_aizul
Snake:4:  snake_pit_salamanders_mu, serial_shops, shop, uniq_vashnia
Slime:3:  uniq_donald
Slime:4:  uniq_dissolution
Slime:5:  nicolae_slime_welcoming_committee
Orc:1:    roderic_batcave, mines2_david, uniq_urug
Orc:2:    grunt_orc_tribal_feast, lab_entry_generic, nicolae_orc_lost_temple,
          uniq_saint_roka
Elf:1:    hangedman_elven_crosses_minicolossus, spider_trap, nicolae_elf_w_pinch
Elf:2:    serial_shops, shop, serial_sigils_hangedman_quiver, uniq_asterion
Elf:3:    grunt_elf_hall_branching, evilmike_spriggan_trog_shrine

Skill      XL: |  1  2  3  4  5  6  7  8  9 10 11 12 13 14 15 16 17 18 |
---------------+-------------------------------------------------------+-----
Fighting       | 4 6 9 12 14 15 16 | 16.4
Axes           | 5 6 7 8 9 12 14 16 18 20 22 24 | 24.4
Armour         | 3 4 5 7 9 10 11 13 14 15 16 18 19 | 19.4
Evocations     | 4 6 9 11 | 11.0
Dodging        | |  1.5

Action                   |  1- 3 |  4- 6 |  7- 9 | 10-12 | 13-15 | 16-18 || total
-------------------------+-------+-------+-------+-------+-------+-------++-------
Melee: Hand axe          |    61 |    22 |       |       |       |       ||    83
       Battleaxe         |       |    46 |    72 |   370 |  1060 |   680 ||  2228
       Executioner's axe |       |       |       |       |       |   382 ||   382
Invok: Berserk           |     5 |     1 |     1 |    12 |     7 |    14 ||    40
       Trog's Hand       |       |       |     3 |    23 |    21 |    35 ||    82
       Brothers in Arms  |       |       |       |     4 |       |     9 ||    13
       Burn Spellbooks   |       |       |       |       |       |     1 ||     1
 Abil: Stop Flying       |       |       |       |       |       |     1 ||     1
Evoke: Wand              |       |       |       |     7 |     7 |     5 ||    19
       Deck              |       |       |       |     1 |       |    10 ||    11
       Phial of floods   |       |       |       |       |       |     1 ||     1
       Phantom mirror    |       |       |       |       |       |     1 ||     1
  Use: Potion            |     2 |       |     1 |     7 |     4 |    12 ||    26
       Scroll            |       |       |       |    20 |    14 |    18 ||    52
 Stab: Invisible         |       |       |       |     2 |       |       ||     2
       Confused          |       |       |       |       |       |     2 ||     2
  Eat: Chunk             |     3 |     6 |     8 |    22 |    16 |    12 ||    67
       Beef jerky        |       |       |     1 |     1 |       |     2 ||     4
       Fruit             |       |       |       |       |     6 |     9 ||    15
       Pizza             |       |       |       |       |     1 |       ||     1
       Meat ration       |       |       |       |       |     1 |     1 ||     2
       Bread ration      |       |       |       |       |       |     3 ||     3
       Royal jelly       |       |       |       |       |       |     1 ||     1
Armor: Animal skin       |     7 |       |       |       |       |       ||     7
       Scale mail        |    33 |    20 |       |       |       |       ||    53
       Plate armour      |       |    38 |    48 |   262 |   559 |   770 ||  1677
Dodge: Dodged            |    76 |    32 |    32 |   147 |   420 |   441 ||  1148
Block: Other             |       |       |       |    10 |     1 |       ||    11
